Map: Thunderbird LE

Players

PwFCockWise - Winner!

  • Race: Terran Terran
  • League: Master
  • Spawn Location: 5:00

Mez

  • Race: Terran Terran
  • League: Master
  • Spawn Location: 11:00

VOD

Have the link to the VOD?

Description

Time

  • Played on: Aug. 11, 2019, 4:59 p.m.
  • Length: 12:02
Show
View Real Time Build Order
Export as new Build Order

PwFCockWise Terran - Winner!

Build Orders: 1/1/1, Banshee Rush 

Get SALT Encoding   

  12  0:00  SCV  
  13  0:13  SCV  
  14  0:18  Supply Depot  
  14  0:25  SCV  
  15  0:30  Refinery  
  15  0:39  SCV  
  16  0:46  Barracks  
  16  0:51  SCV  
  17  1:03  SCV  
  18  1:15  SCV  
  19  1:32  Orbital Command  
  19  1:34  Factory, Marine  
  20  1:48  Supply Depot  
  20  1:51  Marine  
  21  1:58  SCV  
  22  2:10  SCV  
  22  2:12  Refinery, Marine  
  24  2:17  Supply Depot  
  24  2:18  Hellion  
  24  2:20  Starport  
  27  2:22  SCV  
  27  2:29  Marine  
  27  2:34  SCV  
  29  2:41  Hellion, Supply Depot  
  31  2:47  SCV  
  31  2:48  Barracks Reactor  
  32  2:57  Medivac  
  34  2:59  SCV  
  34  3:05  Hellion  
  37  3:11  SCV, Supply Depot  
  38  3:26  Command Center  
  38  3:27  SCV  
  38  3:29  Starport Tech Lab  
  39  3:37  Marine x2  
  39  3:41  SCV  
  42  3:47  Cloaking Field  
  42  3:49  Banshee  
  42  3:53  SCV  
  46  3:57  Marine x2  
  48  4:06  Factory Tech Lab  
  48  4:09  SCV  
  49  4:17  Marine x2  
  49  4:21  SCV  
  52  4:29  Cyclone  
  55  4:34  Marine x2  
  55  4:37  SCV  
  52  4:40  Banshee  
  53  4:47  Orbital Command  
  53  4:52  Marine x2  
  54  4:59  SCV  
  56  5:02  Siege Tank, Supply Depot  
  59  5:10  Marine x2  
  59  5:11  SCV  
  62  5:20  Barracks  
  62  5:21  SCV  
  63  5:22  Barracks  
  63  5:25  SCV  
  63  5:28  Marine x2  
  62  5:33  SCV  
  64  5:37  SCV  
  64  5:39  Siege Tank  
  68  5:46  Marine x2  
  68  5:48  SCV, Medivac  
  73  5:52  Refinery  
  73  5:54  SCV  
  74  5:57  Supply Depot  
  74  6:01  SCV  
  75  6:05  Supply Depot  
  75  6:06  SCV, Marine x2  
  78  6:13  Barracks Tech Lab  
  78  6:18  SCV x2  
  78  6:22  Barracks Tech Lab, Supply Depot  
  78  6:25  Siege Tank  
  83  6:26  Refinery  
  83  6:29  Marine  
  83  6:30  SCV x2, Marine  
  87  6:34  Stimpack  
  87  6:41  Marine x2, Supply Depot  
  87  6:42  SCV  
  90  6:47  Starport Reactor  
  90  6:48  SCV  
  91  6:55  SCV  
  91  6:56  Marine x2  
  91  6:57  Siege Tank  
  91  7:00  SCV  
  91  7:01  Command Center  
  98  7:03  Marine x2  
  98  7:07  SCV  
  101  7:12  SCV  
  101  7:14  Marine x2  
  104  7:19  SCV  
  105  7:23  Engineering Bay  
  105  7:24  SCV, Marine x2  
  105  7:31  SCV  
  105  7:35  Marine x2  
  105  7:36  SCV  
  105  7:37  Siege Tank  
  108  7:42  Marine  
  108  7:43  SCV  
  110  7:47  Barracks  
  110  7:49  Barracks  
  110  7:59  Supply Depot  
  110  8:00  Supply Depot  
  110  8:01  Terran Infantry Weapons Level 1  
  110  8:02  Engineering Bay  
  110  8:04  Marine  
  110  8:05  SCV, Marine  
  110  8:06  Marine  
  110  8:09  Medivac x2  
  110  8:10  SCV  
  110  8:12  Refinery, Marine  
  110  8:14  Siege Tank  
  110  8:18  Orbital Command  
  110  8:19  SCV  
  114  8:22  Marine  
  114  8:24  Marine x2  
  114  8:25  Combat Shield  
  117  8:30  Terran Infantry Armor Level 1  
  117  8:32  Supply Depot  
  117  8:35  SCV  
  117  8:37  Barracks Reactor  
  117  8:38  Barracks Reactor  
  117  8:39  Medivac x2  
  117  8:41  SCV  
  123  8:44  Refinery  
  123  8:45  SCV  
  123  8:47  SCV  
  125  8:49  Marine x2  
  125  8:50  Siege Tank  
  125  8:53  SCV  
  131  8:57  SCV  
  131  8:59  SCV  
  131  9:00  Marine x2  
  135  9:05  SCV, Supply Depot  
  135  9:07  Marine, Supply Depot  
  135  9:09  SCV, Marine  
  139  9:14  SCV  
  139  9:15  Marine x3  
  139  9:16  Medivac x2  
  147  9:17  SCV  
  147  9:21  Marine  
  147  9:22  SCV  
  147  9:23  Marine  
  149  9:26  SCV  
  132  9:32  SCV  
  126  9:43  Marine  
  126  9:44  Marine  
  126  9:45  Marine x5  
  112  9:56  SCV  
  112  9:57  SCV  
  112  9:58  Siege Tank  
  114  10:00  Medivac  
  114  10:01  Marine, Barracks, Medivac  
  114  10:02  Marine, Barracks  
  114  10:03  Marine, Barracks  
  114  10:06  SCV  
  117  10:10  SCV, Marine x2  
  118  10:16  SCV  
  118  10:17  Marine  
  118  10:18  Marine  
  118  10:19  Barracks Reactor  
  120  10:21  SCV  
  121  10:29  Sensor Tower  
  121  10:32  SCV, Marine x2  
  121  10:34  Marine  
  125  10:38  Marine x2  
  127  10:45  Marine  
  127  10:46  SCV  
  127  10:49  SCV  
  130  10:53  Marine  
  130  10:54  Marine x3  
  134  11:02  SCV x2  
  134  11:03  Marine  
  137  11:04  Siege Tank  
  137  11:09  SCV  
  137  11:10  Armory  
  141  11:15  Marine  
  142  11:19  Marine  
  142  11:21  Marine  
  142  11:24  Marine  
  143  11:31  Medivac x2  
  141  11:33  Marine  
  141  11:35  Marine  
  141  11:37  Marine  
  141  11:38  Marine  
  140  11:41  SCV  
  140  11:45  SCV  
Show
View Real Time Build Order
Export as new Build Order

Mez Terran 

Build Orders:  

Get SALT Encoding   

  12  0:00  SCV  
  13  0:13  SCV  
  14  0:17  Supply Depot  
  14  0:25  SCV  
  15  0:30  Refinery  
  15  0:38  SCV  
  16  0:44  Barracks  
  16  0:50  SCV  
  17  1:03  SCV  
  18  1:15  SCV  
  19  1:32  Reaper, Orbital Command  
  20  1:46  Command Center  
  20  1:56  Factory  
  20  2:00  SCV  
  21  2:08  Barracks Reactor  
  21  2:10  Supply Depot  
  21  2:13  SCV  
  22  2:19  Refinery  
  22  2:26  SCV  
  23  2:41  Factory Tech Lab  
  23  2:46  SCV  
  23  2:52  Marine x2  
  23  2:56  Starport  
  25  2:59  Orbital Command  
  25  3:01  Hellion  
  25  3:03  SCV  
  28  3:11  Marine x2  
  30  3:15  SCV  
  31  3:23  Cyclone  
  31  3:26  SCV  
  35  3:30  Marine x2  
  37  3:34  Starport Tech Lab, Supply Depot  
  37  3:36  SCV  
  37  3:38  SCV  
  39  3:48  SCV, Marine  
  39  3:49  Marine  
  39  3:50  SCV  
  39  3:54  Raven  
  45  3:55  Refinery  
  45  3:57  Hellion  
  45  3:58  Supply Depot  
  45  4:00  SCV  
  48  4:09  SCV  
  47  4:12  SCV, Marine  
  47  4:13  Marine  
  50  4:21  Siege Tank, SCV  
  54  4:24  SCV  
  52  4:33  SCV  
  52  4:37  SCV  
  48  4:43  Raven  
  48  4:45  Marine x2  
  52  4:46  SCV  
  52  4:49  SCV  
  52  4:51  Supply Depot  
  54  4:56  Siege Tank  
  54  4:58  SCV  
  58  5:01  SCV  
  59  5:10  SCV  
  59  5:13  SCV  
  59  5:22  SCV  
  59  5:25  SCV  
  60  5:34  SCV  
  61  5:37  SCV  
  61  5:40  Command Center, Supply Depot  
  62  5:46  SCV  
  62  5:47  Medivac x2  
  62  5:49  Siege Tank  
  70  5:59  SCV x2, Marine  
  73  6:10  Supply Depot  
  73  6:11  SCV x2  
  73  6:13  Supply Depot  
  73  6:17  Engineering Bay, Marine  
  76  6:19  Stimpack  
  76  6:22  Medivac x2  
  80  6:26  SCV x2  
  82  6:35  Siege Tank  
  82  6:39  Supply Depot  
  85  6:42  SCV x2  
  87  6:48  Missile Turret  
  87  6:50  Missile Turret  
  87  6:53  Orbital Command  
  87  6:55  Medivac  
  87  6:58  Medivac  
  91  7:05  Supply Depot  
  91  7:13  Barracks  
  91  7:14  Siege Tank  
  91  7:15  SCV x2  
  96  7:16  Barracks  
  96  7:26  Marine  
  96  7:27  SCV x2  
  92  7:43  Orbital Command  
  92  7:44  Marine, Terran Infantry Weapons Level 1  
  92  7:45  SCV x2  
  92  7:46  Barracks  
  92  7:47  Siege Tank, Barracks  
  96  8:08  Barracks Reactor  
  96  8:09  Barracks Reactor  
  96  8:13  Marine  
  96  8:17  SCV x3  
  100  8:20  Supply Depot x2  
  100  8:22  Siege Tank  
  103  8:28  Refinery  
  103  8:29  SCV  
  103  8:30  SCV  
  103  8:31  Armory, Marine  
  103  8:32  Engineering Bay  
  106  8:40  Barracks Reactor x2  
  106  8:42  SCV x3  
  106  8:44  Refinery  
  106  8:47  Refinery  
  106  8:48  Marine x4  
  109  8:49  Marine  
  109  8:54  SCV  
  112  9:09  Siege Tank, Marine x3  
  118  9:10  Medivac x2  
  113  9:27  Marine x3  
  113  9:30  Marine x6  
  114  9:45  Marine  
  105  9:51  Marine x7  
  110  9:56  Marine  
  110  9:57  SCV x3  
  104  10:03  Marine  
  103  10:09  SCV x3, Marine  
  103  10:12  Marine x6  
  103  10:13  Siege Tank  
  103  10:14  Marine  
  117  10:21  Marine  
  118  10:26  SCV x3  
  118  10:27  Marine  
  122  10:30  Command Center  
  122  10:37  Marine x5  
  122  10:38  SCV x3  
  122  10:41  Factory  
  130  10:42  Refinery  
  130  10:45  Siege Tank  
  133  11:15  SCV, Marine  
  133  11:16  SCV, Marine  
  133  11:17  Marine x2  
  133  11:18  Marine x2  
  133  11:20  Marine  
  133  11:21  Marine  
  133  11:27  Medivac  
  133  11:28  Medivac  
  133  11:29  Siege Tank  
  129  11:33  Marine  
  129  11:34  Marine  
  129  11:36  Marine  
  129  11:38  Marine  
  129  11:39  Marine  
  123  11:43  Factory Tech Lab  
Tags
 
Matchup
TvT
Opening
1/1/1
Race
Terran
Spawn Locations
Cross Positions
Strategy
Banshee Rush
Add a new tag
Caveats
  • Supply blocks, unpowered buildings, or Contaminate may cause inaccurate times.
  • Supply counts are checked every 10 seconds.